 Dungeon Crawl Stone Soup version 0.24.0-13-gcf9b3192b9 (webtiles) character file.

Game seed: 8217797119369361868, levelgen mode: deterministic

52 Iamsoldier the Digger (level 3, -1/19 HPs)
             Began as a Gargoyle Earth Elementalist on Nov 7, 2019.
             Slain by a gnoll
             ... wielding a +0 flail
              (10 damage)
             ... on level 2 of the Dungeon.
             The game lasted 00:05:08 (2025 turns).

Iamsoldier the Digger (Gargoyle Earth Elementalist) Turns: 2025, Time: 00:05:09

Health: -1/19      AC:  7    Str: 11    XL:     3   Next: 85%
Magic:  5/7        EV: 12    Int: 16    God:
Gold:   142        SH:  0    Dex: 10    Spells: 3/7 levels left

rFire    . . .     SeeInvis .   e - +1 short sword
rCold    . . .     Gourm    .   (no shield)
rNeg     + . .     Faith    .   c - +0 robe
rPois    ∞         Spirit   .   a - +2 hat
rElec    +         Reflect  .   (no cloak)
rCorr    .         Harm     .   (no gloves)
MR       .....                  (no boots)
Stlth    ++........             (no amulet)
HPRegen  0.06/turn              (no ring)
MPRegen  0.10/turn              (no ring)

@: about to teleport
A: negative energy resistance 1, electricity resistance, unbreathing,
petrification resistance, rot immunity, AC +3
a: no special abilities


You were on level 2 of the Dungeon.
You were not hungry.

You visited 1 branch of the dungeon, and saw 2 of its levels.

You collected 142 gold pieces.

Inventory:

Hand Weapons
 e - a +1 short sword (weapon)
Missiles
 b - 48 stones (quivered)
Armour
 a - a +2 hat (worn)
 c - a +0 robe (worn)
 n - a cursed +0 shield
Scrolls
 l - a scroll of immolation
Potions
 f - a potion of curing {unknown}
 h - a potion of degeneration {unknown}
 i - a potion of agility {unknown}
 k - a potion of flight {unknown}
Comestibles
 d - 4 chunks of flesh
 m - 3 rations


   Skills:
 - Level 1.5 Dodging
 - Level 2.1 Stealth
 + Level 2.9 Spellcasting
 + Level 1.0 Conjurations
   Level 0.7 Transmutations
 + Level 4.6 Earth Magic


You had 3 spell levels left.
You knew the following spells:

 Your Spells              Type           Power        Failure   Level  Hunger
a - Sandblast             Erth           ###...       2%          1    #......
b - Stone Arrow           Conj/Erth      ##....       19%         3    ###....

Your spell library contained the following spells:

 Spells                   Type           Power        Failure   Level  Hunger
 Passwall                 Tmut/Erth      ##......     10%         2    ##.....
 Petrify                  Tmut/Erth      ##......     54%         4    #####..
 Lee's Rapid Deconstruct  Erth           ###.......   61%         5    ######.


Dungeon Overview and Level Annotations

Branches:
Dungeon (2/15)

Altars:

Annotations:
D:2 Terence


Innate Abilities, Weirdness & Mutations

You are resistant to torment.
Your stone body is resilient. (AC +3)
You are immune to poison.
You resist negative energy. (rN+)
You are resistant to electric shocks. (rElec)
You can survive without breathing.
You are immune to petrification.
You are immune to rotting.


Message History

Casting: Sandblast (safe; 2% risk of failure)
Confirm with . or Enter, or press ? or * to list all spells.
Aiming: Sandblast (safe; 2% risk of failure)
Press: ? - help, Shift-Dir - straight line, f/p - gnoll
Aim: a gnoll, wielding a +0 flail (lightly wounded)
The blast of sand hits the gnoll.
The gnoll is heavily wounded.
b - 48 stones The gnoll closely misses you.
Okay, then.
As you read the scroll labeled CUC COBRENONG, it crumbles to dust.
You feel strangely unstable.
It was a scroll of teleportation.
The gnoll closely misses you.
As you read the scroll labeled ZUMOUNK AN ZUV, it crumbles to dust.
It is a scroll of identify.
l - a scroll of immolation Terence says, "Rest in peace."
The gnoll hits you with a +0 flail!
Ouch! That really hurt!
You die...

###.##................#
.
.(.##................#
# #.###.>.....<......#
#...#.............#
#.....####....#####
####...........g...#
#.......###..###@#..#
..#....)....## #g##.#
..÷..#...#### #@# .#
###.......# #.# #
..................[#
....#..##..........#
....#..####.......##
..........###......
#.........# #.....##
..........# #......
..).......# #......


You could see Terence and 2 gnolls.

Vanquished Creatures
  2 worms (D:2)
  A dart slug (D:1)
  3 leopard geckos
  2 giant cockroaches
  A goblin (D:1)
  7 hobgoblins
  7 kobolds
  11 bats
  A frilled lizard (D:2)
  5 rats
40 creatures vanquished.

Notes
Turn   | Place    | Note
-------+----------+-------------------------------------------
     0 | D:1      | Iamsoldier the Gargoyle Earth Elementalist began the quest
                  | for the Orb.
     0 | D:1      | Reached XP level 1. HP: 10/10 MP: 3/3
   429 | D:1      | Reached skill level 4 in Earth Magic
   429 | D:1      | Reached XP level 2. HP: 15/15 MP: 3/5
  1273 | D:1      | Reached XP level 3. HP: 18/19 MP: 4/7
  1284 | D:1      | Learned a level 3 spell: Stone Arrow
  1972 | D:2      | Reached skill level 1 in Conjurations
  1992 | D:2      | Noticed Terence
  2025 | D:2      | Slain by a gnoll

Levels and vault maps discovered:
D:1:      tarquinn_simple_flora_water_d, layout_loops_corners
D:2:      layout_rooms, uniq_terence

Skill      XL: |  1  2  3 |
---------------+----------+-----
Earth Magic    | 4 |  4.6
Conjurations   | 1 |  1.0
Dodging        | |  1.5
Stealth        | |  2.1
Spellcasting   | |  2.9
Transmutations | |  0.7

Action                   || total
-------------------------++-------
Melee: Unarmed           ||    17
       Short sword       ||   103
 Cast: Sandblast         ||    21
  Use: Scroll            ||     3
  Eat: Ration            ||     1
Armor: Robe              ||    45
Dodge: Dodged            ||   111
